 Dungeon Crawl Stone Soup version 0.31.0-11-ge490571c62 (webtiles) character file.

Game seed: 10505541323140816585

127 Gadfly the Ducker (level 4, -2/35 HPs)
             Began as a Demonspawn Monk on Jan 28, 2024.
             Slain by a gnoll
             ... wielding a +0 spear
              (6 damage)
             ... on level 1 of the Dungeon.
             The game lasted 00:03:11 (2101 turns).

Gadfly the Ducker (Demonspawn Monk)                 Turns: 2101, Time: 00:03:12

Health: -2/35      AC:  2    Str: 13    XL:     4   Next: 85%
Magic:  0/4        EV: 13    Int: 11    God:
Gold:   167        SH:  4    Dex: 15    Spells: 3/3 levels left

rFire   . . .        b - +4 short sword (drain)
rCold   . . .        c - orb {light}
rNeg    . . .        a - +0 robe
rPois   .            (no helmet)
rElec   .            (no cloak)
rCorr   .            (no gloves)
SInv    .            (no boots)
Will    .....        g - amulet of guardian spirit
Stlth   +            (no ring)
HPRegen 0.25/turn    (no ring)
MPRegen 0.09/turn

%: guardian spirit
@: glowing
A: large bone plates 1, foul stench 1
a: no special abilities


You were on level 1 of the Dungeon.
You visited 1 branch of the dungeon, and saw 2 of its levels.

You collected 167 gold pieces.

Inventory:

Hand Weapons
 b - a +4 short sword of draining (weapon)
Armour
 a - a +0 robe (worn)
 c - an orb of light (worn)
Jewellery
 g - an amulet of guardian spirit (around neck)
Scrolls
 i - a scroll of identify {unknown}
 l - a scroll of revelation {unknown}
Potions
 d - a potion of mutation {unknown}
 f - a potion of degeneration {unknown}
 h - a potion of berserk rage {unknown}
 j - a potion of curing {unknown}
 k - a potion of might {unknown}


   Skills:
 - Level 3.0 Fighting
 + Level 3.1 Dodging
 + Level 3.1 Unarmed Combat
 * Level 2.5 Evocations
 * Level 2.0 Shapeshifting


You had 3 spell levels left.
You didn't know any spells.
Your spell library contained the following spells:

 Spells                   Type           Power      Damage    Failure   Level
 Apportation              Tloc           0%         N/A       34%         1
 Jinxbite                 Hex            0%         N/A       47%         2
 Alistair's Intoxication  Alch           0%         N/A       100%        5


Dungeon Overview and Level Annotations

Branches:
Dungeon (2/15)

Altars:


Innate Abilities, Weirdness & Mutations

You are partially covered in large bone plates. (SH +4)
You may rarely emit foul miasma when damaged in melee.


Message History

You are too injured to fight recklessly!
You are too injured to fight recklessly!
You are too injured to fight recklessly!
You are too injured to fight recklessly!
You are too injured to fight recklessly!
You are too injured to fight recklessly!
You are too injured to fight recklessly!
You are too injured to fight recklessly!
Unknown command.
You hit the gnoll but do no damage. You drain the gnoll.
The gnoll is severely wounded.
The gnoll hits you but does no damage.
You hit the gnoll.
You kill the gnoll!
Your Shapeshifting skill increases to level 2!
You are too injured to fight recklessly!
You are too injured to fight recklessly!
You hit the hobgoblin.
The hobgoblin is almost dead.
The hobgoblin misses you.
You hit the hobgoblin.
You kill the hobgoblin!
The quokka bites you.
You puncture the quokka!
You kill the quokka!
You hit the gnoll. You drain the gnoll.
The gnoll is severely wounded.
The gnoll hits you with a +0 club.
You emit a cloud of foul miasma!
You hit the gnoll. You drain the gnoll.
You kill the gnoll!
The gnoll hits you with a +0 club!
* * * LOW HITPOINT WARNING * * *
The gnoll misses you.
Items here: ))) ††.
You hit the gnoll.
The gnoll is moderately wounded.
The gnoll hits you with a +0 club.
* * * LOW HITPOINT WARNING * * *
The gnoll hits you from afar with a +0 spear!
You die...

################.#.##..########..
...............####.....# #.#
.#....)..g.g...#.#......# #.#
#.......g###.g.##.###.#.# #.#
.....g.g....g..#..# #.#.# #.#
....########...#### #.#.# ###.#
..g## g...#.g.# #...# #...#
..#####....#.gg######.### #.###
g.8g#.#g...#.ggg@..#.#.######.###
..gg..g....#.gg###..###..........
....g.'.g..#...# #.## ##.####.##.
..8.#.#.⌠..#...# ##.###.## #.##.
..#####....#...# ##[.#.######.##.
#..## ....#...# #.........##.##.
.#..########...# #..######.##.##.
...............# #..# #.##.#..
##################..# #.##..#.


You could see 6 gnolls and 2 hobgoblins.

Vanquished Creatures
  Terence (D:2)
  4 gnolls (D:1)
  3 adders (D:2)
  4 endoplasms
  A giant cockroach (D:2)
  2 goblins (D:1)
  4 hobgoblins
  3 kobolds
  2 quokkas
  7 ball pythons
  3 bats
  2 frilled lizards (D:1)
  3 rats
39 creatures vanquished.

Notes
Turn   | Place    | Note
-------+----------+-------------------------------------------
     0 | D:1      | Gadfly the Demonspawn Monk began the quest for the Orb.
     0 | D:1      | Reached XP level 1. HP: 18/18 MP: 1/1
    29 | D:1      | Found a large runed translucent door.
    29 | D:1      | Found a large runed translucent door.
   371 | D:1      | Gained mutation: You may rarely emit foul miasma when
                  | damaged in melee. [demonic ancestry]
   371 | D:1      | Reached XP level 2. HP: 12/24 MP: 2/2
  1115 | D:2      | Reached skill level 1 in Evocations
  1262 | D:2      | Reached skill level 1 in Shapeshifting
  1308 | D:2      | Reached XP level 3. HP: 28/29 MP: 3/3
  1670 | D:2      | Noticed Terence
  1676 | D:2      | Killed Terence
  1677 | D:2      | Gained mutation: You are partially covered in large bone
                  | plates. (SH +4) [demonic ancestry]
  1677 | D:2      | Reached XP level 4. HP: 7/34 MP: 0/4
  2070 | D:1      | HP: 1/35 [hobgoblin (3)]
  2101 | D:1      | Slain by a gnoll

Illustrated notes

Levels and vault maps discovered:
D:1:      erik_arrival_cave_to_civilisation [erik_arrival_cave_to_temple],
          layout_loops_ring, minmay_misc_feat_ornament, minmay_misc_feat_rugged,
          dreamdust_wishing_well
D:2:      layout_basic, basic_altar, uniq_terence

Skill      XL: |  1  2  3  4 |
---------------+-------------+-----
Evocations     | 1 2 |  2.5
Shapeshifting  | 1 2 |  2.0
Dodging        | 3 |  3.1
Unarmed Combat | 3 |  3.1
Fighting       | |  3.0

Action                     |  1- 3 |  4- 6 || total
---------------------------+-------+-------++-------
  Melee: Unarmed           |    94 |       ||    94
         Short sword       |       |    21 ||    21
    Use: Scroll            |     3 |       ||     3
         Potion            |       |     1 ||     1
 Armour: Robe              |    34 |    24 ||    58
  Dodge: Dodged            |    60 |    27 ||    87
